 Dungeon Crawl Stone Soup version 0.29.0-15-g675c0067aa (webtiles) character file.

Game seed: 1741352806536971380

90 qw the Chopper (level 4, -1/28 HPs)
             Began as a Gargoyle Fighter on Sept 12, 2022.
             Slain by a black bear (4 damage)
             ... on level 3 of the Dungeon.
             The game lasted 00:00:56 (2519 turns).

qw the Chopper (Gargoyle Fighter)                   Turns: 2519, Time: 00:00:57

Health: -1/28      AC: 10    Str: 21    XL:     4   Next: 56%
Magic:  4/4        EV:  9    Int:  9    God:
Gold:   223        SH:  4    Dex:  9    Spells: 3/3 levels left

rFire   . . .      SeeInvis .   Y - +2 war axe
rCold   + . .      Faith    .   c - +0 buckler
rNeg    + . .      Spirit   .   b - +0 scale mail
rPois   inf        Reflect  .   (no helmet)
rElec   +          Harm     .   (no cloak)
rCorr   .          Rampage  .   (no gloves)
Will    .....                   (no boots)
Stlth   ..........              (no amulet)
HPRegen 0.09/turn               l - ring of protection from cold
MPRegen 0.09/turn               (no ring)

@: about to teleport
A: sickness immunity, AC +3, negative energy resistance 1, electricity
resistance, torment resistance 1, petrification resistance
a: no special abilities


You were on level 3 of the Dungeon.
You visited 1 branch of the dungeon, and saw 3 of its levels.

You collected 223 gold pieces.


Innate Abilities, Weirdness & Mutations

You are immune to sickness and miasma.
Your stone body is resilient. (AC +3)
You are immune to poison.
You resist negative energy. (rN+)
You are resistant to electric shocks. (rElec)
You are resistant to unholy torment.
You are immune to petrification.


   Skills:
 - Level 3.2 Fighting
 + Level 4.2 Axes
 - Level 3.2 Armour
 - Level 3.2 Shields


You had 3 spell levels left.
You didn't know any spells.
Your spell library was empty.

Inventory:

Hand Weapons
 f - a +0 whip
 Y - a +2 war axe (weapon)
Armour
 b - a +0 scale mail (worn)
 c - a +0 buckler (worn)
Jewellery
 l - a ring of protection from cold (left hand)
Scrolls
 a - a scroll of identify
Potions
 d - a potion of might
 e - 4 potions of heal wounds
 h - 2 potions of invisibility {unknown}
 i - a potion of curing {unknown}
 j - a potion of ambrosia {unknown}
 n - a potion of resistance {unknown}
 p - a potion of cancellation {unknown}
 s - a potion of magic {unknown}

Dungeon Overview and Level Annotations

Branches:
Dungeon (3/15)

Altars:
Uskayaw


Message History

You block the black bear's attack.
The black bear claws you but does no damage.
You block the black bear's attack. The goblin hits you but does no damage.
The black bear barely misses you. The black bear claws you.
The black bear completely misses you.
You hit the black bear.
The black bear is moderately wounded.
You closely miss the goblin. The bat closely misses you.
The goblin hits you but does no damage.
The black bear bites you but does no damage.
The black bear claws you. The black bear closely misses you.
You closely miss the black bear.
The black bear is moderately wounded.
You barely miss the goblin. You block the bat's attack.
The goblin hits you with a +0 club. The black bear barely misses you. x2
The black bear claws you but does no damage.
The black bear closely misses you. The black bear claws you. x2
The goblin hits you but does no damage.
You slash the black bear!
The black bear is heavily wounded.
You barely miss the bat. You miss the goblin.
The bat hits you but does no damage. The goblin hits you with a +0 club.
The black bear completely misses you.
The black bear claws you but does no damage.
The black bear misses you.
You hit the black bear but do no damage.
The black bear is heavily wounded.
You hit the goblin.
You kill the goblin!
The bat hits you but does no damage. The black bear bites you.
The black bear claws you but does no damage.
The black bear closely misses you. The bat barely misses you.
2519 ||| READING scroll of teleportation.
As you read the scroll of teleportation, it crumbles to dust.
You feel strangely unstable. The bat hits you.
The black bear bites you but does no damage.
The black bear barely misses you. The black bear claws you.
You die...

## .......
######.........
..#....#!...... ##
.............. ..
#............ ...
######..b......#
...#
#.........)h...#
....#
#.........@...#
.....
#...........^##
.)...##...........##
.#................#
.......##.........#
##...#......(..#.##
#.#.###......##..+
...#........#.######
.. #...#.#..#..#...#


You could see a black bear and a bat.

Vanquished Creatures
  2 adders
  A dart slug (D:1)
  9 endoplasms
  5 giant cockroaches
  2 goblins
  7 hobgoblins
  3 jackals
  2 quokkas (D:1)
  4 ball pythons
  10 bats
  A frilled lizard (D:2)
  11 kobolds
  5 rats
62 creatures vanquished.

Notes
Turn   | Place    | Note
-------+----------+-------------------------------------------
     0 | D:1      | qw the Gargoyle Fighter began the quest for the Orb.
     0 | D:1      | Reached XP level 1. HP: 14/14 MP: 1/1
     0 | D:1      | 0 ||| qw: Version: 0.1-a-119-g272c26d
     0 | D:1      | 0 ||| qw: Game counter: 11050
     0 | D:1      | 0 ||| qw: Always use a shield: true
     0 | D:1      | 0 ||| qw: God list: Okawaru
     0 | D:1      | 0 ||| qw: Allow faded altars: false
     0 | D:1      | 0 ||| qw: Do Orc after D:15 true
     0 | D:1      | 0 ||| qw: Do second Lair branch before Depths: true
     0 | D:1      | 0 ||| qw: Lair rune preference: random
     0 | D:1      | 0 ||| qw: Plans: Normal, Zot, God:TSO, Crypt, Tomb, Pan,
                  | Slime, Hells, Zig, Abyss, Orb
     0 | D:1      | 0 ||| PLANNING D:1-11
    39 | D:1      | Reached skill level 2 in Axes
   182 | D:1      | Reached XP level 2. HP: 19/19 MP: 2/2
   735 | D:1      | Reached skill level 3 in Axes
   735 | D:1      | Found a faded altar of an unknown god.
   754 | D:1      | Reached XP level 3. HP: 23/23 MP: 3/3
  1229 | D:1      | 1229 ||| READING 3 scrolls labelled TUASOD MALAQAO.
  1230 | D:1      | 1230 ||| READING scroll labelled ILLIES REUR.
  1231 | D:1      | 1231 ||| READING 2 scrolls of identify.
  1231 | D:1      | 1231 ||| IDENTIFYING green potion
  1277 | D:2      | 1277 ||| STAIRDANCE
  1288 | D:2      | 1288 ||| STAIRDANCE
  1366 | D:2      | 1366 ||| Stepping ~*~*~tactically~*~*~ (stealth).
  1539 | D:2      | Found a hide-covered altar of Uskayaw.
  2080 | D:2      | 2080 ||| Stepping ~*~*~tactically~*~*~ (stealth).
  2082 | D:2      | 2082 ||| Stepping ~*~*~tactically~*~*~ (stealth).
  2088 | D:2      | Reached XP level 4. HP: 26/28 MP: 4/4
  2105 | D:2      | 2105 ||| Stepping ~*~*~tactically~*~*~ (stealth).
  2223 | D:2      | Reached skill level 4 in Axes
  2293 | D:2      | 2293 ||| UPGRADING to ring of protection from cold.
  2294 | D:2      | 2294 ||| READING 2 scrolls labelled GUORIELOMO.
  2295 | D:2      | 2295 ||| READING scroll labelled YKYDOROZIC.
  2296 | D:2      | 2296 ||| READING 2 scrolls labelled XUNEXA MODIO.
  2301 | D:2      | 2301 ||| READING scroll labelled VEKOV QINI.
  2353 | D:2      | 2353 ||| READING scroll labelled RISSIMNOPPYS.
  2354 | D:2      | 2354 ||| READING 2 scrolls of identify.
  2354 | D:2      | 2354 ||| IDENTIFYING blue potion
  2355 | D:2      | 2355 ||| DROPPING potion of brilliance.
  2356 | D:2      | 2356 ||| DROPPING scroll of noise.
  2367 | D:3      | 2367 ||| PLANNING SEWER
  2498 | D:3      | 2498 ||| READING scroll of enchant weapon.
  2498 | D:3      | 2498 ||| ENCHANTING +1 war axe.
  2507 | D:3      | Noticed a black bear
  2518 | D:3      | HP: 4/28 [black bear (6)]
  2519 | D:3      | 2519 ||| READING scroll of teleportation.
  2519 | D:3      | Slain by a black bear

Levels and vault maps discovered:
D:1:      ebering_trefoil_twist, layout_loops_ring,
          hellmonk_ecumenical_altar_blasted, minmay_box_of_dots
D:2:      minmay_razor_zed, layout_loops_ring, basic_altar, minmay_tetromino_i4
D:3:      layout_rooms, chequers_temple_overflow_minitemple,
          gup_sewer_entry_bowl

Skill      XL: |  1  2  3  4 |
---------------+-------------+-----
Axes           | 2 3 4 |  4.2
Fighting       | |  3.2
Armour         | |  3.2
Shields        | |  3.2

Action                   |  1- 3 |  4- 6 || total
-------------------------+-------+-------++-------
Melee: War axe           |   146 |    36 ||   182
  Use: Scroll            |     3 |     8 ||    11
Armor: Scale mail        |    79 |    35 ||   114
Dodge: Dodged            |    89 |    38 ||   127
Block: Buckler           |    26 |     9 ||    35

Table legend:
 A = Non-vault XP
 B = Vault XP
 C = Vault XP percentage of total XP
 D = Non-vault monster count
 E = Vault monster count
 F = Vault count percentage of total count
                 A         B        C        D         E       F
            +---------+---------+-------+---------+---------+-------
      Total |     101 |      28 |  21.7 |      46 |      16 |  25.8
            +---------+---------+-------+---------+---------+-------
        D:1 |      51 |       3 |   5.6 |      29 |       2 |   6.5
        D:2 |      31 |      25 |  44.6 |      13 |      14 |  51.9
        D:3 |      19 |       0 |   0.0 |       4 |       0 |   0.0
            +---------+---------+-------+---------+---------+-------
